 Dungeon Crawl Stone Soup version 0.26-a0-664-gc8b27b8fc1 (webtiles) character file.

Game seed: 7544320103683885835

641 Ijustatesigmund the Sneak (level 7, -4/35 HPs)
             Began as a Spriggan Enchanter on Oct 13, 2020.
             Killed from afar by Dowan (20 damage)
             ... with a shard of ice
             ... on level 4 of the Dungeon.
             The game lasted 00:17:31 (5206 turns).

Ijustatesigmund the Sneak (Spriggan Enchanter)      Turns: 5206, Time: 00:17:32

Health: -4/35      AC:  7    Str:  4    XL:     7   Next: 26%
Magic:  12/12      EV: 19    Int: 18    God:
Gold:   227        SH:  6    Dex: 17    Spells: 7/11 levels left

rFire    . . .     SeeInvis +   a - +2 dagger
rCold    . . .     Faith    .   k - +0 buckler
rNeg     . . .     Spirit   .   b - +0 robe
rPois    .         Reflect  .   c - +1 hat {MR+}
rElec    .         Harm     .   l - scarf {+Inv}
rCorr    .         Rampage  .   (gloves unavailable)
MR       ++...                  (boots unavailable)
Stlth    +++.......             d - amulet of regeneration
HPRegen  0.51/turn              i - +4 ring of protection
MPRegen  0.13/turn              (no ring)

@: very quick
A: very small, unfitting armour, see invisible, speed 3
a: Evoke Invisibility


You were on level 4 of the Dungeon.
You visited 1 branch of the dungeon, and saw 4 of its levels.
You also visited: Sewer.

You collected 227 gold pieces.

Inventory:

Hand Weapons
 a - a +2 dagger (weapon)
 p - a +0 rapier
Armour
 b - a +0 robe (worn)
 c - a +1 hat of magic resistance (worn)
 k - a +0 buckler (worn)
 l - a scarf of invisibility (worn)
Jewellery
 d - an amulet of regeneration (around neck)
 f - an uncursed amulet of faith {unknown}
 i - a +4 ring of protection (left hand)
Wands
 e - a wand of iceblast (2)
 m - a wand of flame (2)
Scrolls
 h - 3 scrolls of fog
 o - a scroll of blinking
Potions
 g - a potion of stabbing {unknown}
 j - 3 potions of brilliance
 n - a potion of cancellation {unknown}


   Skills:
 + Level 2.9 Fighting
 + Level 4.2 Short Blades
 - Level 4.2 Dodging
 - Level 5.0 Stealth
 + Level 2.0 Shields
 - Level 2.6 Spellcasting
 - Level 2.4 Conjurations
 - Level 4.2 Hexes


You had 7 spell levels left.
You knew the following spells:

 Your Spells              Type           Power        Failure   Level
a - Corona                Hex            ###....      4%          1
b - Dazzling Flash        Conj/Hex       ##....       19%         3

Your spell library contained the following spells:

 Spells                   Type           Power        Failure   Level
 Confusing Touch          Hex            ###.....     13%         3
 Tukima's Dance           Hex            ###.....     13%         3
 Ensorcelled Hibernation  Hex/Ice        #.....       16%         2


Dungeon Overview and Level Annotations

Branches:
Dungeon (4/15)              Sewer (visited)
 Temple: D:4-7

Altars:
Ru
Wu Jian
Yredelemnul

Annotations:
D:4 Dowan


Innate Abilities, Weirdness & Mutations

You are very small and have problems with some larger weapons.
You are too small for most types of armour.
You have supernaturally acute eyesight. (SInv)
You cover ground extremely quickly.


Message History

HP restored.
Dowan seems to find hidden reserves of power!
You climb upwards.
There is a stone staircase leading down here.
There is a stone staircase leading down here.
You climb downwards.
Level annotation: Dowan Dowan gestures wildly while chanting.
Dowan blinks!
There is a stone staircase leading up here.
Dowan breathes, "And she was my only..."
Dowan mumbles some strange words.
Dowan blinks!
Dowan points at you and mumbles some strange words.
The stone arrow hits you!!
Ouch! That really hurt!
Dowan casts a spell at you. The shard of ice hits you!!
Ouch! That really hurt!
You die...

..(# #....# ...##### #....#
.......# #..^.# .......# #....#
.......# #....# .......#
#....##########
.......#####...<.........#
..........##....########.#
.......##..#....@...e...<#####
.......###.####.########.#...#
.......# #.## #.#######ยง.#.#.###
######## #..# #.##....e.##.#...#
### ##.###.##.........#.####
..#########..##.##......[###....#
.................+..(.[..........
#.#########.....##.......######.#
..# #.#.####.......# #..


You could see Dowan (fast).

Vanquished Creatures
  Duvessa (D:4)
  Purgy (D:4)
  A bullfrog (Sewer)
  A howler monkey (D:4)
  An orc wizard (D:3)
  2 orc priests (D:3)
  4 worker ants
  5 adders
  A white imp (D:3)
  3 worms
  2 dart slugs
  6 leopard geckos
  9 orcs
  11 bats
  5 giant cockroaches
  10 goblins
  10 hobgoblins
  2 quokkas
  3 ball pythons (Sewer)
  9 frilled lizards
  3 kobolds
  A leopard gecko skeleton (D:4)
  4 rats
95 creatures vanquished.

Notes
Turn   | Place    | Note
-------+----------+-------------------------------------------
     0 | D:1      | Ijustatesigmund the Spriggan Enchanter began the quest for
                  | the Orb.
     0 | D:1      | Reached XP level 1. HP: 9/9 MP: 5/5
   388 | D:1      | Reached XP level 2. HP: 14/14 MP: 6/6
  1097 | D:1      | Reached skill level 1 in Fighting
  1307 | D:2      | Reached XP level 3. HP: 18/18 MP: 8/8
  1496 | D:3      | Found a glowing drain.
  1707 | Sewer    | Entered a sewer
  1751 | Sewer    | Reached skill level 5 in Stealth
  1823 | Sewer    | Learned a level 3 spell: Dazzling Flash
  2016 | Sewer    | Reached skill level 1 in Conjurations
  2016 | Sewer    | Reached XP level 4. HP: 22/22 MP: 9/9
  2779 | Sewer    | Noticed a bullfrog
  2808 | Sewer    | Killed a bullfrog
  2808 | Sewer    | Reached XP level 5. HP: 4/25 MP: 3/10
  3325 | D:3      | Found a basalt altar of Yredelemnul.
  3461 | D:2      | Found a sacrificial altar of Ru.
  3750 | D:3      | Found an ornate altar of the Wu Jian Council.
  4418 | D:4      | Reached XP level 6. HP: 30/30 MP: 11/11
  4501 | D:4      | Reached skill level 1 in Shields
  4737 | D:4      | Noticed Purgy
  4766 | D:4      | Killed Purgy
  4968 | D:3      | Reached XP level 7. HP: 28/35 MP: 7/12
  5140 | D:4      | Noticed Duvessa
  5140 | D:4      | Noticed Dowan
  5164 | D:4      | Killed Duvessa
  5206 | D:4      | Killed from afar by Dowan

Illustrated notes

Levels and vault maps discovered:
D:1:      ncdulo_smallfort, layout_basic, minivault_27
D:2:      layout_rooms, nicolae_ru_great_annihilating_truth
D:3:      layout_rooms, nicolae_overflow_hidden_temple, lemuel_doored_altar,
          portal_sewer_entry_f
D:4:      layout_basic, uniq_duvessa, uniq_purgy

Skill      XL: |  1  2  3  4  5  6  7 |
---------------+----------------------+-----
Hexes          | 4 |  4.2
Fighting       | 1 2 |  2.9
Short Blades   | 2 3 4 |  4.2
Stealth        | 5 |  5.0
Conjurations   | 1 2 |  2.4
Dodging        | 4 |  4.2
Shields        | 1 2 |  2.0
Spellcasting   | |  2.6

Action                   |  1- 3 |  4- 6 |  7- 9 || total
-------------------------+-------+-------+-------++-------
Melee: Dagger            |   181 |   228 |    33 ||   442
 Cast: Corona            |     4 |    15 |       ||    19
       Dazzling Flash    |     1 |     7 |     1 ||     9
Evoke: Wand              |       |     9 |     5 ||    14
  Use: Scroll            |     5 |     3 |       ||     8
       Potion            |     2 |     1 |       ||     3
 Stab: Sleeping          |    16 |     7 |       ||    23
       Invisible         |     1 |     3 |     1 ||     5
       Distracted        |       |     2 |       ||     2
       Paralysed         |       |     1 |       ||     1
Armor: Robe              |    29 |    27 |     2 ||    58
Dodge: Dodged            |   179 |   198 |     9 ||   386
Block: Buckler           |       |    18 |     9 ||    27

Table legend: (Time is in decaauts)
 A = Elapsed time spent in this place.
 B = Non-inter-level travel time spent in this place.
 C = Inter-level travel time spent in this place.
 D = Time resting spent in this place.
 E = Time spent auto-exploring this place.
 F = Levels seen in this place.
 G = Mean time per level.
                   A        B        C        D        E       F      G
               +--------+--------+--------+--------+--------+-----+--------+
         Total |   4284 |   4231 |     53 |   1794 |   1412 |   5 |  856.8 |
       Dungeon |   2759 |   2706 |     53 |    638 |   1370 |   4 |  689.8 |
         Sewer |   1525 |   1525 |      0 |   1155 |     41 |   1 | 1525.0 |
               +--------+--------+--------+--------+--------+-----+--------+

Top non-repeatable levels by time:
   Sewer: 1525 daAuts
     D:1: 915 daAuts
     D:3: 772 daAuts
     D:2: 555 daAuts
     D:4: 516 daAuts
